 Dungeon Crawl Stone Soup version 0.21.1-1-g345015fe64 (webtiles) character file.

4338 Peloso the Carver (level 10, -1/86 HPs)
             Began as a Minotaur Fighter on Feb 6, 2018.
             Was an Initiate of Okawaru.
             Killed by nerve-wracking pain
             ... invoked by an orc priest
              (4 damage)
             ... on level 8 of the Dungeon.
             The game lasted 00:16:28 (6991 turns).

Peloso the Carver (Minotaur Fighter)                Turns: 6991, Time: 00:16:30

Health: -1/86      AC: 11    Str: 21    XL:     10   Next: 12%
Magic:  18/18      EV:  9    Int:  5    God:    Okawaru [......]
Gold:   264        SH: 13    Dex: 13    Spells: 9/9 levels left

rFire    . . .     SeeInvis .   p - -1 spear (curse)
rCold    . . .     Gourm    +   c - +1 shield
rNeg     . . .     Faith    .   j - +0 chain mail
rPois    .         Spirit   .   (helmet restricted)
rElec    .         Reflect  .   (no cloak)
rCorr    .         Harm     .   (no gloves)
MR       .....                  (no boots)
Stlth    ..........             n - amulet of the gourmand
HPRegen  0.24/turn              q - ring of magical power
MPRegen  0.16/turn              (no ring)

@: no status effects
A: retaliatory headbutt, horns 2
a: Renounce Religion


You were on level 8 of the Dungeon.
You worshipped Okawaru.
Okawaru was noncommittal.
You were full.

You visited 2 branches of the dungeon, and saw 9 of its levels.

You collected 264 gold pieces.

Inventory:

Hand Weapons
 a - a +0 long sword
 b - a cursed -3 halberd
 i - the +11 flail of Stickiness {crush, rPois rN+ MP-9}
   (You found it on level 6 of the Dungeon)

   It inflicts extra damage upon your enemies.
   It protects you from poison.
   It protects you from negative energy.
   It affects your magic capacity (-9).
 l - a +5 mace
 p - a cursed -1 spear (weapon)
Armour
 c - a +1 shield (worn)
 j - a +0 chain mail (worn)
Jewellery
 n - an amulet of the gourmand (around neck)
 q - a ring of magical power (left hand)
 t - an uncursed amulet of guardian spirit
Scrolls
 g - 2 scrolls of teleportation
 h - 3 scrolls of identify
Potions
 e - a potion of cancellation
 k - a potion of heal wounds
 m - 2 potions of magic
 r - a potion of ambrosia {unknown}
 s - 2 potions of flight {unknown}
 u - a potion of brilliance {unknown}
 v - a potion of degeneration {unknown}
 w - a potion of haste
 x - a potion of might
 z - a potion of curing {unknown}
Books
 d - a book of Conjurations

   Spells                             Type                      Level
   a - Magic Dart                     Conjuration                  1
   b - Searing Ray                    Conjuration                  2
   c - Dazzling Spray                 Conjuration/Hexes            3
   d - Fulminant Prism                Conjuration/Hexes            4
   e - Force Lance                    Conjuration/Translocation    4
   f - Iskenderun's Mystic Blast      Conjuration                  4
 o - a book of Misfortune

   Spells                             Type                      Level
   a - Confusing Touch                Hexes                        1
   b - Confuse                        Hexes                        3
   c - Gell's Gravitas                Translocation                3
   d - Petrify                        Transmutation/Earth          4
   e - Metabolic Englaciation         Hexes/Ice                    5
   f - Yara's Violent Unravelling     Hexes/Transmutation          5
 y - a Young Poisoner's Handbook

   Spells                             Type                      Level
   a - Sting                          Conjuration/Poison           1
   b - Poisonous Vapours              Poison/Air                   2
   c - Mephitic Cloud                 Conjuration/Poison/Air       3
   d - Olgreb's Toxic Radiance        Poison                       4
   e - Venom Bolt                     Conjuration/Poison           5
Comestibles
 f - 13 rations


   Skills:
 + Level 7.2 Fighting
 + Level 9.4 Long Blades
 + Level 3.5 Polearms
 + Level 9.3 Armour
 + Level 4.5 Dodging
 + Level 0.6 Stealth
 + Level 9.3 Shields


You had 9 spell levels left.
You didn't know any spells.

Dungeon Overview and Level Annotations

Branches:
Dungeon (8/15)             Temple (1/1) D:7
   Lair: D:8-11

Altars:
Dithmenos
Elyvilon
Fedhas
Hepliaklqana
Okawaru
Ru
Uskayaw
Zin

Shops:
D:4 %

Annotations:
D:8 FortKnight's ghost, novice TrBe; Psyche


Innate Abilities, Weirdness & Mutations

You reflexively headbutt those who attack you in melee.
You have a pair of horns on your head.


Message History

The orc priest hits you with an encrusted hand axe {chop}!
* * * LOW HITPOINT WARNING * * *
x2 The orc closely misses you.
You hit the orc priest. You headbutt the orc priest.
The orc priest is moderately wounded.
You block the orc priest's attack.
An ogre comes into view. It is wielding a giant club.
You hit the orc priest but do no damage.
The orc priest is moderately wounded.
You block the orc's attack.
The orc priest invokes the aid of Beogh against you.
Beogh smites you!
* * * LOW HITPOINT WARNING * * *
You hit the orc priest but do no damage.
Your headbutt misses the orc priest.
The orc priest is moderately wounded.
You block the orc's attack.
The orc priest mumbles some strange prayers to Beogh against you.
Pain shoots through your body!
You die...

..#... .# #
#...# .# #
#.#...# ..#
.##.#.#...##...#
...........'...+
###.#...).##...
#####.## .
#.#####o.#
#.....@o.#
########.# ...
..... ...O.#
..o..# .....#


You could see an ogre, an orc priest and an orc.

Vanquished Creatures
  The ghost of tensugalgo the Carver, a novice BaFi (D:6)
  Pikel (D:7)
  A hippogriff (D:7)
  Sigmund (D:5)
  A hungry ghost (D:7)
  2 vampire mosquitoes (D:8)
  A water moccasin (D:6)
  3 ice beasts
  5 ogres
  A phantom (D:4)
  2 sky beasts
  2 centaurs (D:5)
  5 bullfrogs
  A scorpion (D:4)
  6 wights
  2 crimson imps (D:5)
  A centaur zombie (D:5)
  2 hounds
  2 jellies
  3 orc priests
  2 iguanas
  Ijyb (D:5)
  6 orc wizards
  5 worker ants
  Robin (D:3)
  3 adders
  2 shadow imps
  An ooze (D:2)
  2 adder zombies
  An adder skeleton (D:5)
  3 worms
  3 dart slugs
  4 leopard geckos
  24 orcs
  6 bats
  9 giant cockroaches
  15 goblins
  11 hobgoblins
  4 jackals (D:4)
  10 kobolds
  A quokka (D:4)
  A ball python (D:2)
  3 frilled lizards
  A leopard gecko skeleton (D:4)
  8 rats
170 creatures vanquished.

Vanquished Creatures (others)
  A slave (D:7)
  A leopard gecko (D:7)
2 creatures vanquished.

Grand Total: 172 creatures vanquished

Notes
Turn   | Place    | Note
-------+----------+-------------------------------------------
     0 | D:1      | Peloso the Minotaur Fighter began the quest for the Orb.
     0 | D:1      | Reached XP level 1. HP: 19/19 MP: 0/0
   123 | D:1      | Reached XP level 2. HP: 19/27 MP: 1/1
   570 | D:2      | Reached XP level 3. HP: 30/33 MP: 2/2
   603 | D:2      | Found a blossoming altar of Fedhas.
   827 | D:2      | Found a white marble altar of Elyvilon.
  1565 | D:3      | Reached XP level 4. HP: 40/40 MP: 3/3
  1663 | D:3      | Noticed Robin
  1665 | D:3      | Reached skill level 1 in Dodging
  1679 | D:3      | Killed Robin
  2032 | D:3      | Reached XP level 5. HP: 46/46 MP: 4/4
  2252 | D:4      | Found Ulid's Food Shoppe.
  2290 | D:4      | Reached skill level 5 in Shields
  2381 | D:4      | Noticed an ogre
  2388 | D:4      | Killed an ogre
  2388 | D:4      | Reached skill level 5 in Armour
  2388 | D:4      | Reached XP level 6. HP: 47/53 MP: 5/5
  2584 | D:4      | Reached skill level 5 in Long Blades
  3041 | D:5      | Entered Level 5 of the Dungeon
  3076 | D:5      | Reached XP level 7. HP: 60/60 MP: 6/6
  3288 | D:5      | Noticed Sigmund
  3533 | D:5      | Killed Sigmund
  3533 | D:5      | Reached skill level 5 in Fighting
  3841 | D:5      | Reached XP level 8. HP: 29/68 MP: 7/7
  4209 | D:5      | Noticed Ijyb
  4242 | D:5      | Killed Ijyb
  4857 | D:6      | Noticed tensugalgo's ghost (novice BaFi)
  4898 | D:6      | Killed tensugalgo's ghost
  4898 | D:6      | Reached XP level 9. HP: 27/75 MP: 8/8
  5298 | D:6      | Got a brightly glowing flail
  5299 | D:6      | Identified the +11 flail of Stickiness {crush, rPois rN+ MP-9} (You found it on level 6 of the Dungeon)
  5675 | D:7      | Reached skill level 1 in Polearms
  6113 | D:7      | Found a white marble altar of Elyvilon.
  6163 | D:7      | Noticed Pikel
  6189 | D:7      | Killed Pikel
  6409 | D:7      | Found a staircase to the Ecumenical Temple.
  6414 | Temple   | Entered the Ecumenical Temple
  6421 | Temple   | Became a worshipper of Warmaster Okawaru
  6883 | D:8      | Noticed Psyche
  6886 | D:8      | Reached XP level 10. HP: 84/86 MP: 9/9
  6931 | D:8      | Noticed FortKnight's ghost (novice TrBe)
  6990 | D:8      | HP: 3/86 [orc priest/divine providence (15)]
  6991 | D:8      | Killed from afar by an orc priest

Skill      XL: |  1  2  3  4  5  6  7  8  9 |
---------------+----------------------------+-----
Armour         | 4 5 6 7 9 |  9.3
Shields        | 4 5 6 7 9 |  9.3
Fighting       | 4 5 7 |  7.2
Long Blades    | 3 4 5 6 9 |  9.4
Dodging        | 1 2 4 |  4.5
Polearms       | 3 |  3.5
Stealth        | |  0.6

Action                   |  1- 3 |  4- 6 |  7- 9 | 10-12 || total
-------------------------+-------+-------+-------+-------++-------
Melee: Long sword        |    99 |   159 |   225 |       ||   483
       Headbutt          |    18 |    32 |   105 |    13 ||   168
       Spear             |       |       |   197 |    57 ||   254
  Use: Potion            |       |     1 |     3 |       ||     4
       Scroll            |       |       |    10 |       ||    10
  Eat: Chunk             |     1 |    18 |    22 |     3 ||    44
       Ration            |       |       |     1 |       ||     1
Armor: Scale mail        |    48 |    54 |    38 |       ||   140
       Chain mail        |       |       |   131 |    13 ||   144
Dodge: Dodged            |    26 |    47 |   120 |    16 ||   209
Block: Shield            |    49 |    92 |   255 |    37 ||   433
       Rpst.: Long sword |     7 |    14 |    21 |       ||    42
